 Dungeon Crawl Stone Soup version 0.17-a0-1638-g2ccaed7 (console) character file.

174 Monkaria the Conjurer (level 5, 0/28 HPs)
             Began as a Deep Elf Conjurer on Aug 8, 2015.
             Slain by a scorpion (5 damage)
             ... on level 3 of the Dungeon.
             The game lasted 00:04:19 (2915 turns).

Monkaria the Conjurer (Deep Elf Conjurer)           Turns: 2915, Time: 00:04:19

Health: 0/28       AC:  2    Str:  5    XL:     5   Next: 28%
Magic:  2/12       EV: 13    Int: 23    God:
Gold:   157        SH:  0    Dex: 15    Spells: 2 memorised, 8 levels left

rFire  . . .     SeeInvis .     v - staff of conjuration
rCold  . . .     Clarity  .     a - +0 robe
rNeg   . . .     SustAt   .     (no shield)
rPois  .         Gourm    .     (no helmet)
rElec  .         Spirit   .     (no cloak)
rCorr  .         Warding  .     (no gloves)
rMut   .         Stasis   .     (no boots)
MR     .....                    (no amulet)
Stlth  ++........               (no ring)
                                p - ring of invisibility

@: lethally poisoned (0 -> -6), flying, not resistant to hostile enchantments,
unstealthy
A: hooves 1, breathe flames 1, clever 1
a: Breathe Fire, Evoke Invisibility


You were on level 3 of the Dungeon.
You were not hungry.

You visited 1 branch of the dungeon, and saw 4 of its levels.

You collected 157 gold pieces.

Inventory:

Missiles
 x - 6 needles of frenzy
Armour
 a - a +0 robe (worn)
Magical staves
 v - an uncursed staff of conjuration (weapon)
Jewellery
 p - a ring of invisibility (left hand)
Scrolls
 d - 3 scrolls of remove curse {unknown}
 g - a scroll of enchant armour {unknown}
 h - a scroll of noise {unknown}
 l - a scroll of blinking {unknown}
 r - a scroll of enchant weapon {unknown}
 t - a scroll of teleportation {unknown}
Potions
 e - a potion of degeneration {unknown}
 i - 3 potions of flight
 j - a potion of mutation
 k - 2 potions of ambrosia {unknown}
 n - a potion of beneficial mutation {unknown}
 o - a potion of resistance {unknown}
 s - 2 potions of curing {unknown}
 u - a potion of lignification {unknown}
 w - a potion of berserk rage {unknown}
Books
 b - a book of Conjurations

   Spells                             Type                      Level
   a - Magic Dart                     Conjuration                  1
   b - Searing Ray                    Conjuration                  2
   c - Dazzling Spray                 Conjuration/Hexes            3
   d - Fulminant Prism                Conjuration/Hexes            4
   e - Iskenderun's Mystic Blast      Conjuration                  4
   f - Iskenderun's Battlesphere      Conjuration/Charms           5
Comestibles
 c - 2 bread rations
 f - a royal jelly
 m - 2 meat rations
 q - a beef jerky


   Skills:
 - Level 2.4 Dodging
 - Level 2.4 Stealth
 + Level 3.8 Spellcasting
 - Level 7.0 Conjurations


You had 8 spell levels left.
You knew the following spells:

 Your Spells              Type           Power        Failure   Level  Hunger
a - Magic Dart            Conj           ####         1%          1    None
b - Searing Ray           Conj           ######       1%          2    #......


Dungeon Overview and Level Annotations

Branches:
Dungeon (4/15)
 Temple: D:4-7

Altars:
Gozag
Nemelex Xobeh
Qazlal
Trog
Xom
Yredelemnul

Annotations:
D:4 Natasha, Sigmund


Innate Abilities, Weirdness & Mutations

You have large cloven feet.
You can breathe flames.
Your mind is acute. (Int +2)


Message History

The scorpion poisons you!
The searing ray misses the scorpion.
You feel sick. The scorpion stings you.
* * * LOW HITPOINT WARNING * * *
Casting: Searing Ray
Confirm with . or Enter, or press ? or * to list all spells.
You don't have enough magic to cast that spell.
Unknown command.
Unknown command.
Drink which item? (? for menu, Esc to quit)
It was a potion of flight.
You feel very buoyant.
You fly up into the air.
* * * LOW HITPOINT WARNING * * *
You feel sick. The scorpion stings you.
* * * LOW HITPOINT WARNING * * *
Drink which item? (? for menu, Esc to quit)
It was a potion of mutation.
You feel extremely strange.
Your feet thicken and deform.
Your throat feels hot.
You feel clever. The scorpion stings you.
You die...

#.#######.### #.# #.........# #.#
#..###############.# #..#
#####.......#.# ####
#..###...........#.# ...#
#......###.#.###.#.####
...#########.###.............##..
..........##.........#.###.......
...######.######@##.........###..
...# #.# #s##.........#.... .###
#.# #.>.....####.#.#(. ## #.##
###...### #...... ########..#
#...# ###.#.. ##.......#.# #...#
###.##)
...#####.#.#######(..######...>..
...#####.#.##.............#......
.................................


You could see a scorpion.

Vanquished Creatures
  A hound (D:3)
  An orc wizard (D:3)
  4 adders
  An ooze (D:1)
  4 worms
  2 giant geckos
  3 orcs (D:3)
  A ball python (D:2)
  A giant cockroach (D:1)
  13 goblins
  6 hobgoblins
  2 jackals (D:1)
  10 bats
  2 giant newts
  6 kobolds
  8 rats
65 creatures vanquished.

Notes
Turn   | Place    | Note
--------------------------------------------------------------
     0 | D:1      | Monkaria the Deep Elf Conjurer began the quest for the Orb.
     0 | D:1      | Reached XP level 1. HP: 10/10 MP: 6/6
   193 | D:1      | Reached XP level 2. HP: 15/15 MP: 5/8
   208 | D:1      | Reached skill level 5 in Conjurations
   617 | D:1      | Reached XP level 3. HP: 19/19 MP: 7/9
   877 | D:2      | Found a basalt altar of Yredelemnul.
  1026 | D:2      | Learned a level 2 spell: Searing Ray
  1125 | D:2      | Reached skill level 6 in Conjurations
  1411 | D:2      | Reached XP level 4. HP: 24/24 MP: 1/10
  2105 | D:3      | Found a bloodstained altar of Trog.
  2401 | D:3      | Found a sparkling altar of Nemelex Xobeh.
  2402 | D:3      | Found a stormy altar of Qazlal.
  2404 | D:3      | Found a shimmering altar of Xom.
  2405 | D:3      | Found a basalt altar of Yredelemnul.
  2425 | D:3      | Found a faded altar to an unknown god.
  2669 | D:3      | Reached skill level 7 in Conjurations
  2669 | D:3      | Reached XP level 5. HP: 28/28 MP: 8/11
  2900 | D:4      | Found an opulent altar of Gozag.
  2903 | D:4      | Noticed Natasha
  2903 | D:4      | Noticed Sigmund
  2915 | D:3      | Gained mutation: You have large cloven feet. [potion of mutation]
  2915 | D:3      | Gained mutation: You can breathe flames. [potion of mutation]
  2915 | D:3      | Gained mutation: Your mind is acute. (Int +2) [potion of mutation]
  2915 | D:3      | Slain by a scorpion

Vault maps used:
D:1:      dpeg_arrival_rooms_b, minmay_misc_feat_tiny, minmay_misc_feat_doors,
          supply_closet_lemuel, roderic_three_in_a_row
D:2:      nrook_loot_triangle, yredelemnul_altar_generic
D:3:      minitemple, ecumenical_altar_2
D:4:      nicolae_gozag_seed_capital, first_bread, uniq_pikel, uniq_menkaure,
          uniq_natasha, uniq_sigmund

Action                   |  1- 3 |  4- 6 || total
-------------------------+-------+-------++-------
Melee: Unarmed           |     5 |     1 ||     6
 Cast: Magic Dart        |    72 |    34 ||   106
       Searing Ray       |     2 |     8 ||    10
  Use: Potion            |       |     2 ||     2
  Eat: Chunk             |     1 |     5 ||     6
